[Event "PJKL 2008 AB categorie"]
[Site "Roermond"]
[Date "2008.12.28"]
[Round "4"]
[White "Leyten, Solange "]
[Black "de la Fonteijne, Frederik "]
[Result "0-1"]
[ECO "B15"]
[WhiteElo "631"]
[BlackElo "1258"]
[PlyCount "20"]
[EventDate "2008.??.??"]
[TimeControl "35/5700:1800"]

{1MB, Fritz10.ctg, ERIC-LAPTOP} 1. e4 e6 2. Nf3 d5 3. Nc3 Nf6 4. d4 c6 5. Bf4
dxe4 6. Nxe4 Nxe4 7. Qe2 Nf6 8. O-O-O Qa5 9. Bd2 Qxa2 10. Ne5 Qa1# 0-1

[Event "PJKL 2008 C categorie"]
[Site "Melick"]
[Date "2008.12.28"]
[Round "1"]
[White "Thommassen, Lisan "]
[Black "Klokgieters, Jeroen "]
[Result "0-1"]
[ECO "C65"]
[WhiteElo "746"]
[BlackElo "1085"]
[PlyCount "40"]
[EventDate "2008.??.??"]
[TimeControl "40/7200:20/3600:1800"]

{102MB, Fritz9.ctg, CLEVERS-867EED8} 1. e4 e5 2. Nf3 Nc6 3. Nc3 Nf6 4. Bb5 d6
5. O-O Be7 6. d3 O-O 7. Bg5 Bg4 8. Bxc6 bxc6 9. h3 Bh5 10. a4 d5 11. Bxf6 Bxf6
12. b3 d4 13. Ne2 Bxf3 14. gxf3 Qd7 15. f4 Qxh3 16. f3 exf4 17. Nxf4 Qg3+ 18.
Ng2 Be5 19. Qe2 Qh2+ 20. Kf2 Bg3# 0-1

[Event "PJKL 2008 C categorie"]
[Site "Melick"]
[Date "2008.12.28"]
[Round "1"]
[White "Bokern, Paul "]
[Black "van Mulekom, Maureen "]
[Result "1-0"]
[ECO "C47"]
[WhiteElo "1385"]
[BlackElo "955"]
[PlyCount "55"]
[EventDate "2008.??.??"]
[TimeControl "40/7200:20/3600:1800"]

{102MB, Fritz9.ctg, CLEVERS-867EED8} 1. e4 e5 2. Nf3 Nc6 3. d4
Nf6 4. Nc3 Bb4 5. Bg5 O-O 6. dxe5 Nxe5 7. Nxe5 d6 8. Nf3 Bg4 9. h3 Bh5 10. Bd3
Re8 11. O-O Re5 12. Bxf6 Qxf6 13. Nd5 Qg6 14. Nxe5 Bxd1 15. Nxg6 hxg6 16. Nxb4
Bh5 17. g4 Bxg4 18. hxg4 a5 19. Nd5 c6 20. Nc3 Rd8 21. Rae1 d5 22. f4 d4 23.
Na4 b5 24. Nc5 Re8 25. Kg2 Kh7 26. Kg3 f6 27. a3 Kh6 28. Rh1# 1-0

[Event "PJKL 2008 C categorie"]
[Site "Melick"]
[Date "2008.12.28"]
[Round "1"]
[White "de Ridder, Naomi "]
[Black "Peters, Jeroen "]
[Result "1-0"]
[ECO "B27"]
[WhiteElo "1217"]
[BlackElo "851"]
[PlyCount "113"]
[EventDate "2008.??.??"]
[TimeControl "40/7200:20/3600:1800"]

{102MB, Fritz9.ctg, CLEVERS-867EED8} 1. e4 c5 2. Nf3 Nc6 3. d4 b6 4. Nc3 cxd4
5. Nxd4 Bb7 6. Bc4 d6 7. Bb5 Qc8 8. Qf3 e5 9. Nb3 a6 10. Bc4 Nf6 11. Bg5 Be7
12. Bxf6 Bxf6 13. Nd5 Qd8 14. Nxf6+ gxf6 15. Qh5 Qd7 16. O-O-O O-O-O 17. Qxf7
Qxf7 18. Bxf7 Nb4 19. Be6+ Kb8 20. a3 Nc6 21. Bd5 Ne7 22. Bxb7 Kxb7 23. Rd3
Rhg8 24. g3 f5 25. exf5 Nxf5 26. Rhd1 Rg6 27. Re1 Re6 28. Nd4 Nxd4 29. Rxd4
Rde8 30. Rh4 h6 31. Ree4 Rf8 32. f4 a5 33. Rh5 Rfe8 34. fxe5 dxe5 35. g4 Kc6
36. g5 hxg5 37. Rxg5 Kd5 38. Reg4 Rh8 39. h4 Reh6 40. Rg6 Rxh4 41. Rxh4 Rxh4
42. Rxb6 Kc5 43. Re6 Kd5 44. Ra6 a4 45. b4 axb3 46. Ra5+ Kd4 47. Ra4+ Kc3 48.
Rxh4 bxc2 49. Rh3+ Kc4 50. Kxc2 Kb5 51. Re3 Ka4 52. Kb2 Ka5 53. Rxe5+ Ka4 54.
Re4+ Ka5 55. Kb3 Kb5 56. Re5+ Kb6 57. Kb4 1-0

[Event "PJKL 2008 C categorie"]
[Site "Melick"]
[Date "2008.12.28"]
[Round "1"]
[White "Linssen, Freek "]
[Black "Schols, Wouter "]
[Result "1-0"]
[ECO "C45"]
[WhiteElo "1252"]
[BlackElo "893"]
[PlyCount "51"]
[EventDate "2008.??.??"]
[TimeControl "40/7200:20/3600:1800"]

{102MB, Fritz9.ctg, CLEVERS-867EED8} 1. e4 e5 2. Nf3 Nc6 3. d4 exd4 4. Nxd4 Bc5
5. Nxc6 bxc6 6. Bc4 Qh4 7. O-O Qxe4 8. Re1 Nf6 9. Rxe4+ Nxe4 10. Qe2 d5 11. Nc3
O-O 12. Nxd5 cxd5 13. Bxd5 Rb8 14. Qxe4 Bf5 15. Qxf5 Rfe8 16. Bf4 Re7 17. h3
Rbe8 18. Bg5 Re5 19. Qxf7+ Kh8 20. Bf4 R5e7 21. Qh5 g6 22. Qf3 Rf8 23. Qc3+ Rg7
24. Bh6 Bxf2+ 25. Kh2 Be1 26. Qxg7# 1-0

[Event "PJKL 2008 C categorie"]
[Site "Melick"]
[Date "2008.12.28"]
[Round "1"]
[White "Suilen, Willem "]
[Black "Beciri, Emel "]
[Result "1-0"]
[ECO "C65"]
[WhiteElo "1519"]
[BlackElo "1045"]
[PlyCount "81"]
[EventDate "2008.??.??"]
[TimeControl "40/7200:20/3600:1800"]

{102MB, Fritz9.ctg, CLEVERS-867EED8} 1. e4 e5 2. Nf3 Nc6 3. Bb5 Bd6 4. O-O Nf6
5. Re1 a6 6. Ba4 O-O 7. c3 b5 8. Bc2 b4 9. d3 Bc5 10. d4 exd4 11. cxd4 Bb6 12.
Bg5 h6 13. Bh4 Qe8 14. Bxf6 gxf6 15. Qd3 Ne7 16. Qd2 Kg7 17. Qxb4 d6 18. Nbd2
a5 19. Qc3 Kh8 20. Nf1 Rg8 21. Ng3 Bg4 22. d5 Rg6 23. Nh4 Rg7 24. Qxf6 Ng8 25.
Qc3 a4 26. b4 a3 27. Nhf5 Bxf5 28. Nxf5 f6 29. Nxg7 Kxg7 30. Qg3+ Kh8 31. Rad1
c5 32. Qxd6 Rb8 33. bxc5 Ba5 34. Re3 Rd8 35. Qa6 Ra8 36. Qd3 Bc7 37. d6 Bd8 38.
e5 Qf7 39. e6 Qg7 40. Rg3 Qb7 41. e7 1-0

[Event "PJKL 2008 C categorie"]
[Site "Melick"]
[Date "2008.12.28"]
[Round "1"]
[White "van der Laan, Benjamin "]
[Black "Bokern, Peter "]
[Result "0-1"]
[ECO "C50"]
[WhiteElo "888"]
[BlackElo "1251"]
[PlyCount "84"]
[EventDate "2008.??.??"]
[TimeControl "40/7200:20/3600:1800"]

{102MB, Fritz9.ctg, CLEVERS-867EED8} 1. e4 e5 2. Nf3 Nc6 3.
Bc4 Bc5 4. Ng5 Qxg5 5. d3 Qxg2 6. Rf1 Nd4 7. Nd2 d6 8. a4 Bg4 9. f3 Nxf3+ 10.
Nxf3 Nf6 11. c3 O-O-O 12. b4 Bxf3 13. Qxf3 Qxf3 14. Rxf3 d5 15. exd5 Bg1 16. h4
e4 17. dxe4 Nxe4 18. Be3 Bxe3 19. Rxe3 Rhe8 20. Bb3 Re5 21. Bc4 Rde8 22. Bd3
Nxc3 23. Rxe5 Rxe5+ 24. Kd2 Ne4+ 25. Bxe4 Rxe4 26. Kd3 Re8 27. Rc1 Kd8 28. b5
b6 29. Rd1 f5 30. Kc4 Re4+ 31. Kb3 Kd7 32. Rf1 g6 33. h5 Kd6 34. hxg6 hxg6 35.
Rg1 Rg4 36. Rd1 f4 37. Kb4 f3+ 38. Kc3 Ke5 39. Rb1 Kxd5 40. Kd2 g5 41. Ke3 Rxa4
42. Kxf3 Ra3+ 0-1

[Event "PJKL 2008 C categorie"]
[Site "Melick"]
[Date "2008.12.28"]
[Round "1"]
[White "Katoen, Tom "]
[Black "Yue, Tim "]
[Result "0-1"]
[ECO "A28"]
[WhiteElo "1015"]
[BlackElo "1500"]
[PlyCount "58"]
[EventDate "2008.??.??"]
[TimeControl "40/7200:20/3600:1800"]

{102MB, Fritz9.ctg, CLEVERS-867EED8} 1. c4 e5 2. d3 Nf6 3. Nf3 Nc6 4. Nc3 Bc5
5. e4 d6 6. Be2 Be6 7. Nd5 Bxd5 8. cxd5 Nd4 9. Nxd4 Bxd4 10. O-O Qd7 11. Bd2
O-O 12. Rb1 h6 13. h3 c6 14. Bg4 Nxg4 15. dxc6 bxc6 16. hxg4 Rab8 17. b3 c5 18.
g5 hxg5 19. Bxg5 f6 20. Bd2 f5 21. Qc2 f4 22. Qc4+ Kh8 23. Rfd1 f3 24. gxf3
Rxf3 25. Be3 Bxe3 26. Kf1 Rxf2+ 27. Ke1 Qg4 28. d4 Qg1+ 29. Qf1 Qxf1# 0-1

[Event "PJKL 2008 C categorie"]
[Site "Melick"]
[Date "2008.12.28"]
[Round "2"]
[White "Bokern, Peter "]
[Black "Suilen, Willem "]
[Result "0-1"]
[ECO "C47"]
[WhiteElo "1251"]
[BlackElo "1519"]
[PlyCount "80"]
[EventDate "2008.??.??"]
[TimeControl "40/7200:20/3600:1800"]

{102MB, Fritz9.ctg, CLEVERS-867EED8} 1. e4 e5 2. Nf3 Nc6 3. d4 exd4 4. Nxd4 Nf6 5. Nc3 Bb4 6. Nxc6 bxc6 7. e5 Nd5 8. Bd2 Nxc3
9. bxc3 Bc5 10. Bc4 O-O 11. O-O Qe7 12. Bf4 d6 13. exd6 cxd6 14. Bd3 Be6 15.
Re1 Qf6 16. Qf3 Bd5 17. Be4 Bxe4 18. Rxe4 d5 19. Re5 Bd6 20. Rf5 Qxf5 21. Bxd6
Qxf3 22. gxf3 Rfe8 23. Rb1 Red8 24. Bc5 Rab8 25. Rxb8 Rxb8 26. Bb4 Rb5 27. a4
Rb8 28. Kf1 f5 29. Ke2 g5 30. Kd3 Kf7 31. Kd4 Ke6 32. Kc5 Rc8 33. c4 dxc4 34.
Kxc4 h5 35. Bd2 g4 36. f4 Rb8 37. Bb4 h4 38. c3 Kd7 39. Kd4 Re8 40. Bc5 Re4+
0-1

[Event "PJKL 2008 C categorie"]
[Site "Melick"]
[Date "2008.12.28"]
[Round "2"]
[White "Claessen, Remco "]
[Black "de Ridder, Naomi "]
[Result "1/2-1/2"]
[ECO "C47"]
[WhiteElo "1334"]
[BlackElo "1217"]
[PlyCount "74"]
[EventDate "2008.??.??"]
[TimeControl "40/7200:20/3600:1800"]

{102MB, Fritz9.ctg, CLEVERS-867EED8} 1. e4 e5 2. Nf3 Nc6 3. d4 exd4 4. Nxd4 Nf6
5. Nc3 Bb4 6. Bg5 Bxc3+ 7. bxc3 d5 8. Bxf6 gxf6 9. Bb5 Bd7 10. exd5 Nxd4 11.
Bxd7+ Qxd7 12. Qxd4 Qf5 13. Qe3+ Kd7 14. O-O Qxc2 15. Qh3+ Kd8 16. Qf3 Qg6 17.
Rfd1 Kd7 18. d6 c6 19. Qh3+ f5 20. Qh4 f6 21. Rab1 b6 22. Re1 Rae8 23. Qa4
Rxe1+ 24. Rxe1 a5 25. Qd4 Re8 26. Rxe8 Qxe8 27. g3 Qe5 28. Qxb6 Kxd6 29. Qb8+
Kc5 30. Qa7+ Kc4 31. Qxh7 Kxc3 32. Qb7 Qe1+ 33. Kg2 Qe4+ 34. Kg1 Qe1+ 35. Kg2
Qe4+ 36. Kh3 Qg4+ 37. Kg2 Qe4+ 1/2-1/2

[Event "PJKL 2008 C categorie"]
[Site "Melick"]
[Date "2008.12.28"]
[Round "2"]
[White "Klokgieters, Jeroen "]
[Black "Bokern, Paul "]
[Result "0-1"]
[ECO "C01"]
[WhiteElo "1085"]
[BlackElo "1385"]
[PlyCount "56"]
[EventDate "2008.??.??"]
[TimeControl "40/7200:20/3600:1800"]

{102MB, Fritz9.ctg, CLEVERS-867EED8} 1. e4 e6 2. Nf3 d5 3. exd5 exd5 4. d4 Nf6
5. Be2 Bd6 6. Nc3 O-O 7. Bg5 Bf5 8. Nxd5 Nbd7 9. Nxf6+ Nxf6 10. O-O Rc8 11. Bd3
Bg4 12. Be2 Re8 13. h3 Bh5 14. Re1 c6 15. c3 Re6 16. Nd2 h6 17. Bh4 g5 18. Bxh5
Rxe1+ 19. Qxe1 Nxh5 20. Bg3 Bxg3 21. fxg3 Qe8 22. Qxe8+ Rxe8 23. g4 Nf4 24. Nc4
Re2 25. Rd1 Rxg2+ 26. Kf1 Rh2 27. Re1 Rh1+ 28. Kf2 Nd3+ 0-1

[Event "PJKL 2008 C categorie"]
[Site "Melick"]
[Date "2008.12.28"]
[Round "2"]
[White "Beciri, Emel "]
[Black "Godding, Mick "]
[Result "0-1"]
[ECO "D00"]
[WhiteElo "1045"]
[BlackElo "1049"]
[PlyCount "80"]
[EventDate "2008.??.??"]
[TimeControl "40/7200:20/3600:1800"]

{102MB, Fritz9.ctg, CLEVERS-867EED8} 1. d4 d5 2. Nc3 Nf6 3. Nf3 Bf5 4. Ne5 e6
5. Bg5 Bd6 6. e3 Na6 7. Bxa6 bxa6 8. Bxf6 Qxf6 9. Nc6 Qg6 10. g3 Bxc2 11. Qe2
Bd3 12. Qd2 O-O 13. f3 Bb5 14. Nxb5 Qh5 15. Rf1 axb5 16. O-O-O Rfe8 17. Kb1 a6
18. e4 dxe4 19. fxe4 h6 20. e5 Be7 21. Nxe7+ Rxe7 22. Qg2 Ree8 23. g4 Qg6+ 24.
Ka1 Rac8 25. h4 Rf8 26. h5 Qg5 27. Rc1 f5 28. Kb1 fxg4 29. Rxf8+ Kxf8 30. Rf1+
Kg8 31. Qb7 Rf8 32. Rxf8+ Kxf8 33. Qc8+ Kf7 34. Qxc7+ Qe7 35. Qc3 Qg5 36. Qc7+
Qe7 37. Qc2 Qg5 38. Qf2+ Qf5+ 39. Qxf5+ exf5 40. Kc1 g3 0-1

[Event "PJKL 2008 C categorie"]
[Site "Melick"]
[Date "2008.12.28"]
[Round "2"]
[White "Schols, Wouter "]
[Black "Thommassen, Lisan "]
[Result "1-0"]
[ECO "C28"]
[WhiteElo "893"]
[BlackElo "746"]
[PlyCount "57"]
[EventDate "2008.??.??"]
[TimeControl "40/7200:20/3600:1800"]

{102MB, Fritz9.ctg, CLEVERS-867EED8} 1. e4 e5 2. Nf3 Nc6 3.
Nc3 Nf6 4. Bc4 Bb4 5. d3 O-O 6. Be3 d6 7. O-O Bg4 8. a3 Nd4 9. Bxd4 exd4 10.
axb4 dxc3 11. bxc3 c6 12. b5 d5 13. exd5 cxd5 14. Bb3 Qc8 15. c4 d4 16. h3 Bxf3
17. Qxf3 a6 18. Qf4 Qd8 19. bxa6 bxa6 20. c5 a5 21. Rfe1 a4 22. Rxa4 Rxa4 23.
Bxa4 h6 24. c6 Qb6 25. c7 Qb4 26. Re8 Qxa4 27. Rxf8+ Kxf8 28. c8=Q+ Ke7 29.
Qe5# 1-0

[Event "PJKL 2008 C categorie"]
[Site "Melick"]
[Date "2008.12.28"]
[Round "2"]
[White "Yue, Tim "]
[Black "Linssen, Freek "]
[Result "1-0"]
[ECO "B77"]
[WhiteElo "1500"]
[BlackElo "1252"]
[PlyCount "59"]
[EventDate "2008.??.??"]
[TimeControl "40/7200:20/3600:1800"]

{102MB, Fritz9.ctg, CLEVERS-867EED8} 1. e4 c5 2. Nf3 d6 3. d4
cxd4 4. Nxd4 Nc6 5. Be3 Nf6 6. f3 g6 7. Nc3 Bg7 8. Qd2 O-O 9. Bc4 a6 10. O-O-O
b5 11. Bb3 Nxd4 12. Bxd4 Bd7 13. Nd5 e6 14. Nxf6+ Bxf6 15. Bxf6 Qxf6 16. Qxd6
Rad8 17. Qxa6 Bc8 18. Qxb5 Rxd1+ 19. Rxd1 Qf4+ 20. Kb1 Qxh2 21. Qe2 Bb7 22. c3
Ra8 23. Qb5 Rb8 24. Qd7 Qxg2 25. Qc7 Bxe4+ 26. fxe4 Qxe4+ 27. Bc2 Qb7 28. Rd8+
Kg7 29. Qe5+ f6 30. Qxb8 1-0

[Event "PJKL 2008 C categorie"]
[Site "Melick"]
[Date "2008.12.28"]
[Round "2"]
[White "Peters, Jeroen "]
[Black "Katoen, Tom "]
[Result "0-1"]
[ECO "B50"]
[WhiteElo "851"]
[BlackElo "1015"]
[PlyCount "38"]
[EventDate "2008.??.??"]
[TimeControl "40/7200:20/3600:1800"]

{102MB, Fritz9.ctg, CLEVERS-867EED8} 1. e4 c5 2. Bc4 d6 3. Nf3 Nf6 4. Nc3 g6 5.
d3 Bg7 6. Be3 O-O 7. Qd2 Ng4 8. h3 Nxe3 9. Qxe3 Nc6 10. O-O Qb6 11. Rab1 Nd4
12. Rbc1 Bd7 13. Qd2 Nxf3+ 14. gxf3 Bxh3 15. Nd5 Qd8 16. Nf4 Bh6 17. Kh2 Qd7
18. Kg3 e5 19. Qe2 Bxf4+ 0-1

[Event "PJKL 2008 C categorie"]
[Site "Melick"]
[Date "2008.12.28"]
[Round "2"]
[White "van Mulekom, Maureen"]
[Black "van der Laan, Benjamin "]
[Result "0-1"]
[ECO "C26"]
[WhiteElo "955"]
[BlackElo "888"]
[PlyCount "92"]
[EventDate "2008.??.??"]
[TimeControl "40/7200:20/3600:1800"]

{102MB, Fritz9.ctg, CLEVERS-867EED8} 1. e4 e5 2. Nc3 Nf6 3. g3 Bc5 4. Bg2 d6 5.
d3 Ng4 6. Be3 Nxe3 7. fxe3 Bxe3 8. Nge2 O-O 9. Nd5 Bc5 10. c3 Bg4 11. b4 Bb6
12. Nxb6 cxb6 13. O-O a5 14. bxa5 bxa5 15. Qd2 Qb6+ 16. Kh1 Nc6 17. Rab1 Qa6
18. d4 exd4 19. cxd4 Bxe2 20. Rfe1 Bd3 21. Rbd1 Nb4 22. Bf1 Bxf1 23. Rxf1 Rae8
24. Rfe1 Qc6 25. Qf4 Nc2 26. Rc1 f5 27. Qd2 Rxe4 28. Rxe4 Qxe4+ 29. Kg1 Nxd4
30. Rd1 Nf3+ 31. Kf2 Nxd2 32. Rxd2 Qc6 33. Re2 Qc5+ 34. Kf1 Qc4 35. Kf2 d5 36.
Re7 Qc5+ 37. Re3 Re8 38. Kg2 Rxe3 39. Kh3 Qc8 40. Kh4 Re4+ 41. Kh3 f4+ 42. Kg2
Re3 43. gxf4 Qc2+ 44. Kf1 Rd3 45. Ke1 d4 46. Kf1 Rd1# 0-1

[Event "PJKL 2008 C categorie"]
[Site "Melick"]
[Date "2008.12.28"]
[Round "3"]
[White "Suilen, Willem"]
[Black "Bokern, Paul "]
[Result "1/2-1/2"]
[ECO "C01"]
[WhiteElo "1519"]
[BlackElo "1385"]
[PlyCount "41"]
[EventDate "2008.??.??"]
[TimeControl "40/7200:20/3600:1800"]

{102MB, Fritz9.ctg, CLEVERS-867EED8} 1. e4 e6 2. d4 d5 3. exd5 exd5 4. c4 Nf6
5. Nf3 Bg4 6. Be2 Be7 7. O-O O-O 8. Qb3 b6 9. Nc3 c6 10. Bg5 Ne4 11. Bxe7 Qxe7
12. Rfe1 Qd6 13. cxd5 Nxc3 14. Qxc3 Qxd5 15. Bc4 Qd6 16. Ne5 Be6 17. Rac1 Nd7
18. Bxe6 Nxe5 19. dxe5 Qxe6 20. a3 c5 21. Rcd1 1/2-1/2

[Event "PJKL 2008 C categorie"]
[Site "Melick"]
[Date "2008.12.28"]
[Round "3"]
[White "Katoen, Tom "]
[Black "Schols, Wouter "]
[Result "1-0"]
[ECO "A29"]
[WhiteElo "1015"]
[BlackElo "892"]
[PlyCount "81"]
[EventDate "2008.??.??"]
[TimeControl "40/7200:20/3600:1800"]

{102MB, Fritz9.ctg, CLEVERS-867EED8} 1. c4 e5 2. d3 Nc6 3. Nf3 Nf6 4. g3 Bc5 5.
Bg2 d6 6. O-O Be6 7. Nc3 O-O 8. a3 h6 9. Rb1 Nd4 10. Nxd4 Bxd4 11. Bxb7 Rb8 12.
Bg2 Bxc3 13. Qc2 Bd4 14. b4 c5 15. e3 cxb4 16. exd4 exd4 17. axb4 Re8 18. b5
Qc7 19. Bb2 d5 20. Rbc1 dxc4 21. dxc4 Rbc8 22. Bc6 a6 23. Bxe8 Rxe8 24. bxa6
Qc6 25. Ra1 Bh3 26. f3 Bxf1 27. Rxf1 Qxa6 28. Bxd4 Rc8 29. Rc1 Nd5 30. Qb3 f6
31. c5 Qc6 32. Kg2 Kh7 33. Qc2+ g6 34. Qe4 Re8 35. Qh4 Re2+ 36. Kh3 Qd7+ 37.
Qg4 f5 38. Qh4 g5 39. Qh5 f4+ 40. g4 Qa4 41. Qf7# 1-0

[Event "PJKL 2008 C categorie"]
[Site "Melick"]
[Date "2008.12.28"]
[Round "3"]
[White "van der Laan, Benjamin "]
[Black "Peters, Jeroen "]
[Result "1-0"]
[ECO "C55"]
[WhiteElo "888"]
[BlackElo "851"]
[PlyCount "72"]
[EventDate "2008.??.??"]
[TimeControl "40/7200:20/3600:1800"]

{102MB, Fritz9.ctg, CLEVERS-867EED8} 1. e4 e5 2. Bc4 Nf6 3. Nc3 Bb4 4. Nf3 Nc6
5. Ng5 Qe7 6. Nxf7 Rf8 7. Ng5 h6 8. Nf3 Bxc3 9. dxc3 Nxe4 10. O-O d6 11. Bb5
Bd7 12. Qd5 Nf6 13. Qc4 a6 14. Bxc6 Bxc6 15. Nh4 O-O-O 16. Ng6 Qf7 17. Qxf7
Rxf7 18. Be3 Be4 19. Nh4 Bxc2 20. Nf3 Be4 21. Nd2 Bc6 22. b4 Ne4 23. Nc4 Nxc3
24. Rac1 Nxa2 25. Rc2 Nxb4 26. Rb2 Nd3 27. Rd2 Nc5 28. Na5 Rff8 29. Rc2 Ba4 30.
Rb2 b6 31. Nc4 Bb5 32. Rc2 d5 33. Nxe5 Rf5 34. Rfc1 Rxe5 35. Bxc5 bxc5 36. Rxc5
Re7 1-0

[Event "PJKL 2008 C categorie"]
[Site "Melick"]
[Date "2008.12.28"]
[Round "3"]
[White "Linssen, Freek "]
[Black "Claessen, Remco "]
[Result "0-1"]
[ECO "C45"]
[WhiteElo "1252"]
[BlackElo "1334"]
[PlyCount "72"]
[EventDate "2008.??.??"]
[TimeControl "40/7200:20/3600:1800"]

{102MB, Fritz9.ctg, CLEVERS-867EED8} 1. e4 e5 2. Nf3 Nc6 3. d4 exd4 4. Nxd4 Bc5
5. Nxc6 bxc6 6. Bc4 d6 7. Nc3 Be6 8. Bxe6 fxe6 9. Qh5+ g6 10. Qg4 Qf6 11. O-O
Bd4 12. Bg5 Qe5 13. Be3 Nf6 14. Bxd4 Nxg4 15. Bxe5 Nxe5 16. f4 Nc4 17. b3 Ne3
18. Rf3 Nxc2 19. Raf1 d5 20. R1f2 Nb4 21. a3 Na6 22. e5 c5 23. g4 Rb8 24. a4
Rxb3 25. Nb5 Rb4 26. Nxa7 Rxa4 27. h3 Rf8 28. f5 gxf5 29. gxf5 exf5 30. Rxf5
Rxf5 31. Rxf5 Ke7 32. Rf6 Nb8 33. Nb5 Nd7 34. Nc3 Ra1+ 35. Rf1 Rxf1+ 36. Kxf1
Ke6 0-1

[Event "PJKL 2008 C categorie"]
[Site "Melick"]
[Date "2008.12.28"]
[Round "3"]
[White "Thommassen, Lisan "]
[Black "Beciri, Emel "]
[Result "0-1"]
[ECO "C50"]
[WhiteElo "746"]
[BlackElo "1045"]
[PlyCount "88"]
[EventDate "2008.??.??"]
[TimeControl "40/7200:20/3600:1800"]

{102MB, Fritz9.ctg, CLEVERS-867EED8} 1. e4 e5 2. Nf3 Nc6 3. Bc4 h6 4. O-O Bc5
5. d3 Nf6 6. Bd2 O-O 7. a3 d6 8. b4 Bd4 9. Nxd4 exd4 10. c3 dxc3 11. Nxc3 Be6
12. Bxe6 fxe6 13. b5 Nd4 14. Be3 e5 15. Bxd4 exd4 16. Ne2 c5 17. bxc6 bxc6 18.
Nxd4 Qb6 19. Ne6 Rfe8 20. Rb1 Qa6 21. Nc7 Qc8 22. Nxe8 Qxe8 23. Rc1 Rb8 24. Qd2
Qg6 25. g3 Rb6 26. a4 a5 27. Rb1 Ra6 28. Rb8+ Kh7 29. Rd8 d5 30. e5 Ng8 31. d4
Rb6 32. e6 Qf6 33. Rf8 Qxf8 34. e7 Nxe7 35. Qd3+ Kh8 36. Qd2 Rb4 37. Re1 Rxa4
38. Qe3 Ng8 39. Qc3 Ra2 40. f4 Qf6 41. Qb3 Rd2 42. Qb8 Qxd4+ 43. Kh1 Qf2 44.
Rg1 Qxh2# 0-1

[Event "PJKL 2008 C categorie"]
[Site "Melick"]
[Date "2008.12.28"]
[Round "3"]
[White "Peeters, Victor "]
[Black "Klokgieters, Jeroen "]
[Result "1/2-1/2"]
[ECO "C55"]
[WhiteElo "954"]
[BlackElo "1085"]
[PlyCount "62"]
[EventDate "2008.??.??"]
[TimeControl "40/7200:20/3600:1800"]

{102MB, Fritz9.ctg, CLEVERS-867EED8} 1. e4 e5 2. Nf3 Nc6 3. Bc4 Bc5 4. Nc3 Nf6
5. Ng5 O-O 6. O-O d6 7. d3 h6 8. Nf3 Bg4 9. h3 Bh5 10. g4 Nxg4 11. hxg4 Bxg4
12. Kg2 Qf6 13. Re1 Nd4 14. Re3 Qg6 15. Kf1 Bh3+ 16. Ke1 Nxc2+ 17. Qxc2 Bxe3
18. Bxe3 Qg2 19. Ke2 Bg4 20. Kd2 Qxf3 21. Qb3 Kh8 22. Rc1 f5 23. exf5 Rxf5 24.
Rf1 b6 25. Bd5 Qh3 26. Rh1 Raf8 27. Nd1 Bxd1 28. Rxh3 Bxb3 29. axb3 Rc8 30. Be6
Rcf8 31. Bxf5 Rxf5 1/2-1/2

[Event "PJKL 2008 C categorie"]
[Site "Melick"]
[Date "2008.12.28"]
[Round "3"]
[White "de Ridder, Naomi "]
[Black "Bokern, Peter"]
[Result "1-0"]
[ECO "C54"]
[WhiteElo "1217"]
[BlackElo "1251"]
[PlyCount "39"]
[EventDate "2008.??.??"]
[TimeControl "40/7200:20/3600:1800"]

{102MB, Fritz9.ctg, CLEVERS-867EED8} 1. e4 e5 2. Nf3 Nc6 3. Bc4 Bc5 4. c3 Nf6
5. d4 exd4 6. cxd4 Bb4+ 7. Nc3 Nxe4 8. O-O Nxc3 9. bxc3 Bxc3 10. Qb3 Bxa1 11.
Bxf7+ Kf8 12. Bg5 Ne7 13. Re1 c6 14. Bxe7+ Qxe7 15. Rxe7 Kxe7 16. Bh5 c5 17.
Qf7+ Kd8 18. Qxg7 Re8 19. Qf6+ Re7 20. Qf8+ 1-0

[Event "PJKL 2008 C categorie"]
[Site "Melick"]
[Date "2008.12.28"]
[Round "3"]
[White "Godding, Mick "]
[Black "Yue, Tim "]
[Result "0-1"]
[ECO "B35"]
[WhiteElo "1049"]
[BlackElo "1500"]
[PlyCount "58"]
[EventDate "2008.??.??"]
[TimeControl "40/7200:20/3600:1800"]

{102MB, Fritz9.ctg, CLEVERS-867EED8} 1. e4 c5 2. Nf3 d6 3. Bc4 Nc6 4. Nc3 Nf6
5. d4 cxd4 6. Nxd4 g6 7. Be3 Bg7 8. Qd3 Ng4 9. Bg5 Nxd4 10. f3 Ne5 11. Qxd4
Nxf3+ 12. gxf3 Bxd4 13. O-O-O Bxc3 14. bxc3 Qc7 15. Bb3 Qxc3 16. Rd3 Qa1+ 17.
Kd2 Qxh1 18. e5 Qg2+ 19. Kc3 Qxg5 20. exd6 Qe5+ 21. Rd4 exd6 22. f4 Qg7 23. a4
O-O 24. Kd3 Bf5+ 25. Ke3 Rfe8+ 26. Kf3 Qxd4 27. Bxf7+ Kxf7 28. Kg3 Re3+ 29. Kh4
Qxf4# 0-1

[Event "PJKL 2008 C categorie"]
[Site "Gemeente Leudal"]
[Date "2008.12.28"]
[Round "1"]
[White "Peeters, Victor "]
[Black "Claessen, Remco "]
[Result "0-1"]
[ECO "B30"]
[WhiteElo "954"]
[BlackElo "1334"]
[PlyCount "78"]
[EventDate "2008.??.??"]
[TimeControl "240+2"]

{65MB, Fritz10.ctg, LT-111} 1. e4 c5 2. Bc4 Nc6 3. Nf3 e6 4. O-O Nf6 5. d3 g6
6. Bg5 Bg7 7. Nc3 O-O 8. Re1 a6 9. a4 Qc7 10. h3 Nb4 11. e5 Nfd5 12. Re4 Nxc3
13. bxc3 Nc6 14. d4 cxd4 15. cxd4 d5 16. Bxd5 exd5 17. Rh4 f6 18. Bf4 fxe5 19.
dxe5 Qd8 20. Bg5 Qd7 21. c4 dxc4 22. Qd6 Qxd6 23. exd6 Bxa1 24. Rxc4 Bf5 25.
Ne5 Bxe5 26. Rc5 Bxd6 27. Rd5 Bc7 28. g4 Be4 29. Rd7 Bb6 30. Rxb7 Bxf2+ 31. Kf1
Bh4+ 32. Ke2 Bxg5 33. Rb3 Nd4+ 34. Kd1 Nxb3 35. h4 Rf2 36. hxg5 Raf8 37. Ke1
Rc2 38. a5 Rff2 39. Kd1 Rf1# 0-1

[Event "PJKL 2008 D categorie"]
[Site "Gemeente Leudal"]
[Date "2008.12.28"]
[Round "1"]
[White "Maessen, Roy "]
[Black "Reijnders, Yari "]
[Result "1-0"]
[ECO "D05"]
[WhiteElo "1330"]
[BlackElo "586"]
[PlyCount "45"]
[EventDate "2008.??.??"]
[TimeControl "240+2"]

{65MB, Fritz10.ctg, LT-111} 1. d4 d5 2. Nf3 Nf6 3. e3 e6 4. Bd3 Bd7 5. O-O Nc6
6. Nbd2 Qe7 7. b3 Nb4 8. Ba3 c5 9. Bxb4 cxb4 10. Ne5 Qd6 11. Nxd7 Kxd7 12. Bb5+
Kd8 13. Nf3 Ng4 14. Ne5 Rg8 15. Nxf7+ Kc8 16. Nxd6+ Kd8 17. Qxg4 Bxd6 18. Qxe6
Kc7 19. Qd7+ Kb6 20. Qxd6+ Kxb5 21. Qc5+ Ka6 22. a4 b5 23. Qxb5# 1-0

[Event "PJKL 2008 D categorie"]
[Site "Gemeente Leudal"]
[Date "2008.12.28"]
[Round "1"]
[White "Redman, Justin"]
[Black "van Meegen, Judith "]
[Result "0-1"]
[ECO "C55"]
[WhiteElo "448"]
[BlackElo "1157"]
[PlyCount "70"]
[EventDate "2008.??.??"]
[TimeControl "240+2"]

{65MB, Fritz10.ctg, LT-111} 1. e4 e5 2. Nf3 Nc6 3. Nc3 Nf6 4. Bc4 Nxe4 5. Nxe4
d5 6. Nfg5 dxc4 7. O-O Bf5 8. Re1 Be7 9. d3 Bxe4 10. Rxe4 Bxg5 11. Bxg5 Qxg5
12. Rg4 Qf6 13. Qe1 O-O-O 14. dxc4 Nd4 15. Qe4 Qf5 16. f4 Qxe4 17. Rxg7 Qxc2
18. Rxf7 Qxb2 19. Re1 Nc2 20. Rxe5 Qxe5 21. fxe5 Rhe8 22. e6 Rxe6 23. g4 Re2
24. Rf1 Ne3 25. Ra1 Rd1+ 26. Rxd1 Nxd1 27. Kf1 Rxa2 28. Ke1 Ne3 29. g5 Nxc4 30.
h3 b5 31. h4 b4 32. h5 b3 33. Kd1 Rd2+ 34. Ke1 b2 35. Kf1 b1=Q# 0-1

[Event "PJKL 2008 D categorie"]
[Site "Gemeente Leudal"]
[Date "2008.12.28"]
[Round "1"]
[White "Vink, Koen "]
[Black "Damen, Ruben "]
[Result "0-1"]
[ECO "C55"]
[WhiteElo "817"]
[BlackElo "886"]
[PlyCount "56"]
[EventDate "2008.??.??"]
[TimeControl "240+2"]

{65MB, Fritz10.ctg, LT-111} 1. e4 e5 2. Nf3 Bc5 3. Bc4 Nf6 4. Ng5 O-O 5. O-O d6
6. d3 Nc6 7. Nc3 Nd4 8. Be3 Bg4 9. Qd2 Bb4 10. a3 Ba5 11. b4 Bb6 12. a4 a6 13.
a5 Ba7 14. Bxd4 exd4 15. Nd5 Nxd5 16. Bxd5 c6 17. Bc4 b6 18. axb6 Bxb6 19. Ra3
a5 20. bxa5 Bxa5 21. Qc1 Bb4 22. Rxa8 Qxa8 23. Qf4 Bh5 24. Nxf7 Bxf7 25. Rb1
Bxc4 26. dxc4 Rxf4 27. Rxb4 Qa1+ 28. Rb1 Qxb1# 0-1